 Dungeon Crawl Stone Soup version 0.24.0-123-gd5b16e6ec5 (webtiles) character file.

Game seed: 8678582823687941360, levelgen mode: deterministic

2027 Curus the Cruncher (level 9, -4/61 HPs)
             Began as a Demonspawn Gladiator on Jan 26, 2020.
             Slain by a queen bee (18 damage)
             ... on level 6 of the Dungeon.
             The game lasted 00:19:14 (5313 turns).

Curus the Cruncher (Demonspawn Gladiator)           Turns: 5313, Time: 00:19:15

Health: -4/61      AC:  7    Str: 14    XL:     9   Next: 3%
Magic:  9/9        EV: 13    Int: 10    God:
Gold:   400        SH:  2    Dex: 18    Spells: 8/8 levels left

rFire    . . .     SeeInvis .   a - +1 quarterstaff
rCold    . . .     Gourm    .   (shield currently unavailable)
rNeg     . . .     Faith    .   b - +2 leather armour
rPois    +         Spirit   .   (helmet restricted)
rElec    .         Reflect  +   (no cloak)
rCorr    .         Harm     .   (no gloves)
MR       .....                  (no boots)
Stlth    ++........             n - +2 amulet of reflection
HPRegen  2.20/turn              e - ring of poison resistance
MPRegen  0.11/turn              w - ring of stealth

@: lethally poisoned (-4 -> -4)
A: horns 2, slimy green scales 1, demonic guardian 2, powered by death 2
a: no special abilities


You were on level 6 of the Dungeon.
You were hungry.

You visited 1 branch of the dungeon, and saw 6 of its levels.

You collected 400 gold pieces.

Inventory:

Hand Weapons
 a - a +1 quarterstaff (weapon)
Missiles
 d - 3 throwing nets (quivered)
Armour
 b - a +2 leather armour (worn)
 c - a +1 helmet
 g - a cursed +0 chain mail
 m - a +2 helmet
Jewellery
 e - a ring of poison resistance (left hand)
 h - a +5 ring of strength
 k - an uncursed amulet of the acrobat
 n - a +2 amulet of reflection (around neck)
 r - the ring "Hemniemu" {Ice *Slow rN+ Stlth+}
   (You took it off an orc on level 5 of the Dungeon)

   [ring of ice]

   It enhances your ice magic.
   It makes you vulnerable to fire.
   It protects you from cold.
   It protects you from negative energy.
   It may slow you when you take damage.
   It makes you more stealthy.
 w - a ring of stealth (right hand)
Wands
 o - a wand of enslavement (3)
 s - a wand of clouds (3)
Scrolls
 l - 4 scrolls of identify
 q - 2 scrolls of enchant armour
 t - a scroll of remove curse
 v - a scroll of teleportation
Potions
 i - 2 potions of curing
 j - 2 potions of heal wounds
 p - 2 potions of cancellation
Comestibles
 f - 20 rations


   Skills:
 - Level 2.0 Fighting
 + Level 11.1 Staves
 - Level 1.7 Throwing
 - Level 2.6 Dodging


You had 8 spell levels left.
You didn't know any spells.
Your spell library contained the following spells:

 Spells                   Type           Power        Failure   Level  Hunger
 Animate Skeleton         Necr           N/A          43%         1    ##.....
 Apportation              Tloc           #.....       43%         1    ##.....
 Confusing Touch          Hex            #.....       43%         1    ##.....
 Sandblast                Erth           #.....       43%         1    ##.....
 Summon Small Mammal      Summ           #...         43%         1    ##.....
 Passwall                 Tmut/Erth      #.......     58%         2    ###....
 Stone Arrow              Conj/Erth      #.....       82%         3    ####...
 Petrify                  Tmut/Erth      #.......     99%         4    #####..
 Lee's Rapid Deconstruct  Erth           #.........   100%        5    ######.


Dungeon Overview and Level Annotations

Branches:
Dungeon (6/15)
 Temple: D:4-7

Altars:
Ashenzari
Fedhas
Nemelex Xobeh
Qazlal
Vehumet
Yredelemnul

Annotations:
D:6 1 transporter


Innate Abilities, Weirdness & Mutations

You have a pair of horns on your head.
You are partially covered in slimy green scales. (AC +2)
A demonic guardian rushes to your aid.
You regenerate health from kills.


Message History

Your soul eater barely misses the queen bee.
Something barely misses your soul eater.
You closely miss the queen bee.
You feel sick.
Something barely misses your soul eater.
You block the queen bee's attack.
Something stings your soul eater but does no damage.
Your soul eater hits the queen bee but does no damage.
You hit the queen bee. You headbutt the queen bee.
The queen bee is lightly wounded.
Something closely misses your soul eater.
Something stings your soul eater but does no damage.
The queen bee stings you!
* * * LOW HITPOINT WARNING * * *
Your soul eater hits the queen bee!
You hit the queen bee.
The queen bee is heavily wounded.
Something stings your soul eater.
Something stings your soul eater but does no damage.
The queen bee stings you!!
You die...

#....<.....##########
#.###.##............#
##..........#####.....
##..###.###...# #.#...
#..#########..# ##.#...
#.###.###.###.# #......
###.##...#...##.###......
#...##.#.#.#.##.##.......
#.#.##..@#.yy##.##.#.#...
#.#.#(#.#y#.#y#.##.#.....
#...#..#..3#yy#.##.###...
#..©#©.#.#.#y©#©.#.# #...
#...#..#...#.$#....###...
#...#.#.#.#)#(#..........
#...##...#...##....###...
#...# .#.#.#.##..#.......
##..##...#...##.#########


You could see a queen bee and a friendly soul eater.

Vanquished Creatures
  An ugly thing (D:6)
  2 ice beasts
  A centaur (D:5)
  2 ogres (D:5)
  A bullfrog (D:6)
  A howler monkey (D:5)
  2 hounds
  A centaur skeleton (D:5)
  A jelly (D:5)
  3 orc wizards (D:4)
  An iguana (D:6)
  Ijyb (D:4)
  4 worker ants
  Robin (D:3)
  4 gnolls (D:6)
  2 howler monkey skeletons
  7 adders
  A shadow imp (D:6)
  An adder zombie (D:1)
  5 worms
  2 dart slugs (D:2)
  2 leopard geckos
  11 orcs
  A bat zombie (D:1)
  10 giant cockroaches
  6 hobgoblins
  12 jackals
  5 kobolds
  3 quokkas
  A ball python zombie (D:5)
  7 bats
  9 frilled lizards
  A giant cockroach zombie (D:5)
  2 gnoll zombies (D:6)
  9 goblins
  A quokka skeleton (D:4)
  7 rats
131 creatures vanquished.

Vanquished Creatures (collateral kills)
  The ghost of Chiseanne the Skirmisher, a novice DsWn of Gozag (D:6)
  Menkaure (D:4)
  Edmund (D:4)
  An ogre (D:4)
  2 killer bees (D:6)
  A bullfrog skeleton (D:5)
  An adder skeleton (D:4)
  3 orcs (D:4)
  4 goblins (D:3)
  A rat (D:3)
16 creatures vanquished.

Grand Total: 147 creatures vanquished

Notes
Turn   | Place    | Note
-------+----------+-------------------------------------------
     0 | D:1      | Curus the Demonspawn Gladiator began the quest for the Orb.
     0 | D:1      | Reached XP level 1. HP: 16/16 MP: 1/1
   114 | D:1      | Reached skill level 3 in Staves
   171 | D:1      | Gained mutation: You regenerate a little health from kills.
                  | [demonic ancestry]
   171 | D:1      | Reached XP level 2. HP: 14/22 MP: 2/2
   640 | D:1      | Gained mutation: A weak demonic guardian rushes to your
                  | aid. [demonic ancestry]
   640 | D:1      | Reached XP level 3. HP: 27/27 MP: 3/3
   642 | D:1      | You fall into a shaft and drop 1 floor!
   651 | D:2      | Reached skill level 4 in Staves
  1213 | D:2      | Reached XP level 4. HP: 16/33 MP: 4/4
  1594 | D:2      | Found a sparkling altar of Nemelex Xobeh.
  1796 | D:3      | Noticed Robin
  1815 | D:3      | Killed Robin
  1815 | D:3      | Reached skill level 5 in Staves
  2067 | D:3      | Found a stormy altar of Qazlal.
  2073 | D:3      | Found a blossoming altar of Fedhas.
  2335 | D:4      | Gained mutation: You regenerate health from kills. [demonic
                  | ancestry]
  2335 | D:4      | Reached XP level 5. HP: 29/38 MP: 5/5
  2384 | D:4      | Reached skill level 6 in Staves
  2408 | D:4      | Noticed Edmund
  2423 | D:4      | Killed Edmund
  2423 | D:4      | Gained mutation: You are partially covered in slimy green
                  | scales. (AC +2) [demonic ancestry]
  2423 | D:4      | Reached XP level 6. HP: 19/44 MP: 6/6
  2762 | D:4      | Noticed Ijyb
  2783 | D:4      | Reached skill level 7 in Staves
  2787 | D:4      | Killed Ijyb
  2823 | D:4      | Noticed Menkaure
  2829 | D:4      | Killed Menkaure
  2829 | D:4      | Gained mutation: You have a pair of small horns on your
                  | head. [demonic ancestry]
  2829 | D:4      | Reached XP level 7. HP: 27/50 MP: 7/7
  2844 | D:4      | Found a radiant altar of Vehumet.
  3185 | D:5      | Entered Level 5 of the Dungeon
  3272 | D:5      | Reached skill level 8 in Staves
  3458 | D:5      | Identified the ring "Hemniemu" {Ice *Slow rN+ Stlth+}
  4050 | D:5      | Reached skill level 9 in Staves
  4050 | D:5      | Gained mutation: A demonic guardian rushes to your aid.
                  | [demonic ancestry]
  4050 | D:5      | Reached XP level 8. HP: 56/56 MP: 8/8
  4287 | D:6      | Found a shattered altar of Ashenzari.
  4438 | D:6      | Noticed a queen bee
  4445 | D:6      | Noticed Chiseanne's ghost (novice DsWn)
  4506 | D:6      | Noticed a purple ugly thing
  4520 | D:6      | Killed a purple ugly thing
  4520 | D:6      | Reached skill level 10 in Staves
  5074 | D:6      | Found a basalt altar of Yredelemnul.
  5163 | D:6      | Found a transporter.
  5167 | D:6      | Found a transporter.
  5291 | D:6      | Killed Chiseanne's ghost
  5291 | D:6      | Reached skill level 11 in Staves
  5291 | D:6      | Gained mutation: You have a pair of horns on your head.
                  | [demonic ancestry]
  5291 | D:6      | Reached XP level 9. HP: 52/61 MP: 9/9
  5313 | D:6      | Slain by a queen bee

Levels and vault maps discovered:
D:1:      saegor_arrival_fortress, layout_basic
D:2:      layout_basic, lemuel_round_altar, serial_forest,
          infiniplex_forest_end_3, infiniplex_forest_clump_small,
          infiniplex_forest_straight_3, infiniplex_forest_clump_small,
          infiniplex_forest_straight_3, infiniplex_forest_straight_4,
          infiniplex_forest_diagonal, infiniplex_forest_end_1
D:3:      wander_river, layout_basic, grunt_temple_overflow_forces_of_nature,
          uniq_robin
D:4:      layout_basic, old_standard_altar, uniq_edmund, uniq_menkaure,
          uniq_ijyb
D:5:      layout_loops_corners, first_ration
D:6:      layout_loops_corners, lemuel_zombie_altar_yredelemnul,
          old_standard_altar, gammafunk_ghost_hive, feat_on_display

Skill      XL: |  1  2  3  4  5  6  7  8 |
---------------+-------------------------+-----
Staves         | 3 4 5 6 7 9 11 | 11.1
Fighting       | |  2.0
Throwing       | |  1.7
Dodging        | |  2.6

Action                   |  1- 3 |  4- 6 |  7- 9 || total
-------------------------+-------+-------+-------++-------
Melee: Quarterstaff      |   139 |   178 |   174 ||   491
       Headbutt          |       |       |    30 ||    30
  Use: Scroll            |     4 |     5 |     4 ||    13
       Potion            |     3 |     3 |     2 ||     8
 Stab: Sleeping          |     1 |       |       ||     1
       Distracted        |       |       |     1 ||     1
  Eat: Chunk             |     1 |     6 |     7 ||    14
Armor: Leather armour    |    56 |    61 |    30 ||   147
Dodge: Dodged            |   139 |   135 |    89 ||   363
Block: Other             |       |       |     9 ||     9
